 Dungeon Crawl Stone Soup version 0.29.0-4-gdea44cf6ec (webtiles) character file.

Game seed: 7720939360289029054

111 qw the Trooper (level 4, -2/45 HPs)
             Began as an Ogre Enchanter on Sept 3, 2022.
             Slain by Eustachio
             ... wielding a +2 falchion of holy wrath
              (6 damage)
             ... on level 4 of the Dungeon.
             The game lasted 00:01:59 (3495 turns).

qw the Trooper (Ogre Enchanter)                     Turns: 3495, Time: 00:01:59

Health: -2/45      AC:  3    Str: 14    XL:     4   Next: 92%
Magic:  7/7        EV:  9    Int: 16    God:
Gold:   182        SH:  0    Dex:  9    Spells: 7/7 levels left

rFire   . . .      SeeInvis .   Y - +1 hand axe (venom)
rCold   . . .      Faith    .   (no shield)
rNeg    . . .      Spirit   .   b - +0 robe
rPois   .          Reflect  .   (helmet restricted)
rElec   .          Harm     .   (no cloak)
rCorr   .          Rampage  .   (gloves unavailable)
Will    .....                   (boots unavailable)
Stlth   ++........              (no amulet)
HPRegen 0.15/turn               (no ring)
MPRegen 0.10/turn               (no ring)

@: no status effects
A: large, unfitting armour, tough skin 1
a: no special abilities


You were on level 4 of the Dungeon.
You visited 1 branch of the dungeon, and saw 4 of its levels.

You collected 182 gold pieces.


Innate Abilities, Weirdness & Mutations

You are too large for most types of armour.
You have tough skin. (AC +1)


   Skills:
 - Level 3.5 Fighting
 - Level 0.8 Short Blades
 + Level 3.2 Axes
 - Level 1.7 Dodging
 - Level 2.1 Stealth
 - Level 2.4 Spellcasting
 - Level 2.6 Hexes


You had 7 spell levels left.
You didn't know any spells.
Your spell library contained the following spells:

 Spells                   Type           Power      Damage    Failure   Level
 Ensorcelled Hibernation  Hex/Ice        12%        N/A       17%         2
 Confusing Touch          Hex            10%        N/A       21%         3
 Tukima's Dance           Hex            10%        N/A       21%         3
 Dazzling Flash           Conj/Hex       12%        N/A       34%         3

Inventory:

Hand Weapons
 c - a +0 flail
 Y - a +1 hand axe of venom (weapon)
Armour
 b - a +0 robe (worn)
Jewellery
 i - a ring of see invisible
Scrolls
 d - a scroll of butterflies {unknown}
 j - a scroll of summoning {unknown}
Potions
 a - a potion of degeneration {unknown}
 e - a potion of might {unknown}
 f - a potion of mutation {unknown}
 g - a potion of attraction {unknown}
 h - a potion of curing {unknown}

Dungeon Overview and Level Annotations

Branches:
Dungeon (4/15)
 Temple: D:4-7

Altars:

Shops:
D:2 :([

Annotations:
D:4 Eustachio


Message History

You hit the river rat but do no damage.
The river rat is lightly wounded.
The river rat bites you.
You closely miss the river rat.
The river rat is lightly wounded.
The river rat bites you. x2
You closely miss the river rat.
The river rat is lightly wounded.
The river rat bites you but does no damage.
You barely miss the river rat.
The river rat is heavily wounded.
The river rat bites you.
You hit the river rat.
The river rat looks as sick as possible!
The river rat is almost dead.
You kill the river rat!
The river rat's corpse disappears in a puff of smoke!
You hit Eustachio.
Eustachio is poisoned.
Eustachio is lightly wounded.
Eustachio hits you with a +2 falchion of holy wrath.
You hit Eustachio but do no damage.
Eustachio looks as sick as possible!
Eustachio is lightly wounded.
Eustachio closely misses you.
You closely miss Eustachio.
Eustachio is lightly wounded.
Eustachio hits you with a +2 falchion of holy wrath!
You hit Eustachio.
Eustachio is heavily wounded.
Eustachio hits you with a +2 falchion of holy wrath!
You hit Eustachio but do no damage.
Eustachio looks as sick as possible!
Eustachio is heavily wounded.
Eustachio hits you with a +2 falchion of holy wrath.
You hit Eustachio.
Eustachio looks as sick as possible!
Eustachio is heavily wounded.
Eustachio misses you.
Eustachio hits you with a +2 falchion of holy wrath.
You hit Eustachio.
Eustachio looks as sick as possible!
Eustachio is severely wounded.
Eustachio hits you with a +2 falchion of holy wrath.
You die...

#...# ....!..
#.....#...#
.......#####.....#...#
.................#...#
.................###'#
.................#...##
.................#....#
.................#....#
.......@.........'....#
......@#'###)....#....#
.......+...'.....#....#
.......#...#.....#....#
.......#...#.....#....#
.......#...#.....######
..?....#...#..........#
########...#..........#
....#..........#


You could see Eustachio (extremely poisoned).

Vanquished Creatures
  An orc priest (D:3)
  3 adders
  4 worms
  2 orcs (D:3)
  4 ball pythons
  5 endoplasms
  2 goblins (D:2)
  4 hobgoblins
  3 jackals (D:3)
  2 kobolds
  5 bats
  4 frilled lizards
  7 rats
46 creatures vanquished.

Notes
Turn   | Place    | Note
-------+----------+-------------------------------------------
     0 | D:1      | qw the Ogre Enchanter began the quest for the Orb.
     0 | D:1      | Reached XP level 1. HP: 16/16 MP: 3/3
     0 | D:1      | 0 ||| qw: Version: 0.1-a-102-g441f92d
     0 | D:1      | 0 ||| qw: Game counter: 5160
     0 | D:1      | 0 ||| qw: Always use a shield: true
     0 | D:1      | 0 ||| qw: God list: Okawaru
     0 | D:1      | 0 ||| qw: Allow faded altars: false
     0 | D:1      | 0 ||| qw: Do Orc after D:15 true
     0 | D:1      | 0 ||| qw: Do second Lair branch before Depths: true
     0 | D:1      | 0 ||| qw: Lair rune preference: random
     0 | D:1      | 0 ||| qw: Plans: Normal
     0 | D:1      | 0 ||| PLANNING D:1-11
   116 | D:1      | 116 ||| SWAPPING to +0 club.
   117 | D:1      | 117 ||| DROPPING +1 dagger.
   218 | D:1      | 218 ||| SWAPPING to +0 hand axe.
   365 | D:1      | Reached skill level 1 in Axes
  1010 | D:1      | 1010 ||| READING scroll labelled GOMEJUISTR ALAY.
  1011 | D:1      | 1011 ||| READING scroll labelled GOMIOKUOMN.
  1016 | D:1      | 1016 ||| READING scroll labelled CANKIO TUQABB.
  1117 | D:1      | 1117 ||| DROPPING 2 potions of invisibility.
  1151 | D:2      | Found Oqassy's Book Shoppe.
  1159 | D:2      | Reached skill level 1 in Fighting
  1220 | D:2      | Reached XP level 2. HP: 25/27 MP: 5/5
  1262 | D:2      | Found Nuha's Book Shoppe.
  1345 | D:2      | Found Hiumayrr's Weapon Shoppe.
  1406 | D:2      | HP: 4/27 [worm (9)]
  1741 | D:2      | Reached XP level 3. HP: 32/35 MP: 6/6
  1776 | D:2      | 1776 ||| READING scroll labelled QOZOTZ OLOL.
  1777 | D:2      | 1777 ||| Stepping randomly (stuck).
  1785 | D:2      | 1785 ||| Stepping randomly (stuck).
  1786 | D:2      | 1786 ||| Stepping randomly (stuck).
  1787 | D:2      | 1787 ||| Stepping randomly (stuck).
  1818 | D:2      | 1818 ||| Stepping randomly (stuck).
  1820 | D:2      | 1820 ||| Stepping randomly (stuck).
  1822 | D:2      | 1822 ||| Stepping randomly (stuck).
  1859 | D:2      | Found Lupi's Antique Armour Shop.
  1926 | D:2      | Found Ywkolu Cior's Armour Boutique.
  2381 | D:2      | 2381 ||| READING scroll labelled OCONTU EDUENG.
  2382 | D:2      | 2382 ||| READING scroll labelled JUSTEDW TAEMOMUF.
  2383 | D:2      | 2383 ||| DRINKING 2 lumpy pink potions.
  2484 | D:2      | 2484 ||| DROPPING potion of ambrosia.
  2600 | D:3      | Reached XP level 4. HP: 44/44 MP: 7/7
  2608 | D:3      | 2608 ||| DROPPING +0 club.
  2635 | D:3      | Found a faded altar of an unknown god.
  2833 | D:3      | Reached skill level 3 in Axes
  2833 | D:3      | 2833 ||| Stepping ~*~*~tactically~*~*~ (hiding).
  2850 | D:3      | Reached skill level 3 in Fighting
  3111 | D:3      | 3111 ||| Stepping ~*~*~tactically~*~*~ (stealth).
  3112 | D:3      | 3112 ||| Stepping ~*~*~tactically~*~*~ (stealth).
  3114 | D:3      | 3114 ||| Stepping ~*~*~tactically~*~*~ (stealth).
  3123 | D:3      | 3123 ||| Stepping ~*~*~tactically~*~*~ (stealth).
  3137 | D:3      | 3137 ||| Stepping ~*~*~tactically~*~*~ (stealth).
  3139 | D:3      | 3139 ||| Stepping ~*~*~tactically~*~*~ (stealth).
  3141 | D:3      | 3141 ||| Stepping ~*~*~tactically~*~*~ (stealth).
  3143 | D:3      | 3143 ||| Stepping ~*~*~tactically~*~*~ (stealth).
  3145 | D:3      | 3145 ||| Stepping ~*~*~tactically~*~*~ (stealth).
  3370 | D:3      | 3370 ||| READING scroll labelled ATOGARESTIAQI.
  3469 | D:4      | Noticed Eustachio
  3492 | D:4      | HP: 9/45 [Eustachio/+2 falchion of holy wrath (7)]
  3494 | D:4      | HP: 4/45 [Eustachio/+2 falchion of holy wrath (4)]
  3495 | D:4      | Slain by Eustachio

Levels and vault maps discovered:
D:1:      matt_arrival_los_fun, layout_loops_cross, serial_bayou,
          serial_bayou_pond_c, serial_bayou_pond_b, serial_bayou_shore_a,
          serial_bayou_pond_e, serial_bayou_pond_d, serial_bayou_crossing,
          minmay_pentomino_x2
D:2:      minmay_inner_zag, layout_loops_cross, serial_shops, shop,
          nicolae_diamond_shop, nicolae_shop_hallway_plus,
          nicolae_lakefront_shop, nicolae_shop_bloodbath_and_beyond
D:3:      layout_basic, ebering_ecumenical_altar_abandoned,
          ebering_dispersal_statue_hall
D:4:      layout_gridville, serial_shops, shop, kennysheep_decorative_pillar,
          uniq_eustachio, uniq_robin

Skill      XL: |  1  2  3  4 |
---------------+-------------+-----
Axes           | 1 2 3 |  3.2
Fighting       | 1 2 3 |  3.5
Short Blades   | |  0.8
Dodging        | |  1.7
Stealth        | |  2.1
Spellcasting   | |  2.4
Hexes          | |  2.6

Action                   |  1- 3 |  4- 6 || total
-------------------------+-------+-------++-------
Melee: Hand axe          |    99 |    65 ||   164
       Club              |     8 |       ||     8
       Punch             |       |     1 ||     1
  Use: Scroll            |     6 |     1 ||     7
       Potion            |     1 |       ||     1
Armor: Robe              |    27 |    18 ||    45
Dodge: Dodged            |    39 |    27 ||    66

Table legend:
 A = Non-vault XP
 B = Vault XP
 C = Vault XP percentage of total XP
 D = Non-vault monster count
 E = Vault monster count
 F = Vault count percentage of total count
                 A         B        C        D         E       F
            +---------+---------+-------+---------+---------+-------
      Total |     153 |       6 |   3.8 |      42 |       4 |   8.7
            +---------+---------+-------+---------+---------+-------
        D:1 |       4 |       3 |  42.9 |       3 |       2 |  40.0
        D:2 |      63 |       3 |   4.5 |      19 |       2 |   9.5
        D:3 |      86 |       0 |   0.0 |      20 |       0 |   0.0
            +---------+---------+-------+---------+---------+-------
